 Dungeon Crawl Stone Soup version 0.15.0-34-g666c3a1 (webtiles) character file.

7407 MackTheKnife the Covert (level 11, -5/68 HPs)
             Began as a Kobold Assassin on Sept 15, 2014.
             Was an Elder of Dithmenos.
             Slain by a yak (15 damage)
             ... on Level 10 of the Dungeon.
             The game lasted 00:35:09 (14957 turns).

MackTheKnife the Covert (Kobold Assassin)          Turns: 14957, Time: 00:35:09

HP  -5/68        AC  9     Str  9      XL: 11   Next: 36%
MP   0/11        EV 22     Int 15      God: Dithmenos [****..]
Gold 464         SH  0     Dex 17      Spells:  0 memorised, 10 levels left

rFire  . . .     SeeInvis .     c - +10 trident "Quemn" {pierce, rPois rN+ Str-2}
rCold  + . .     Clarity  .     L - +2 robe {rC+}
rNeg   + . .     rCorr    .     (no shield)
rPois  +         rRot     .     (no helmet)
rElec  .         Spirit   +     d - +1 cloak
SustAb .         Warding  .     (no gloves)
rMut   .         Stasis   .     (no boots)
Gourm  .                        I - amulet of guardian spirit
MR     .....                    G - +3 ring of protection
                                x - +3 ring of intelligence

@: wreathed by umbra, not resistant to hostile enchantments, incredibly stealthy
A: carnivore 3
a: Shadow Step, Renounce Religion


You were on level 10 of the Dungeon.
You worshipped Dithmenos.
Dithmenos was greatly pleased with you.
You were not hungry.

You visited 2 branches of the dungeon, and saw 11 of its levels.
You also visited: Sewer and Bailey.

You collected 464 gold pieces.


Innate Abilities, Weirdness & Mutations

You are small and have problems with some larger weapons.
You are carnivorous and can eat meat at any time.


   Skills:
 - Level 8.0 Fighting
 - Level 6.6 Short Blades
 - Level 6.5 Polearms
 - Level 5.7 Throwing
 + Level 10.0 Dodging
 - Level 12.4 Stealth


You had 10 spell levels left.
You didn't know any spells.

Inventory:

Hand weapons
 a - a +3 dagger
 b - a +0 blowgun
 c - the +10 trident "Quemn" (weapon) {pierce, rPois rN+ Str-2}
   (You found it on level 6 of the Dungeon)

   It inflicts extra damage upon your enemies.
   It affects your strength (-2).
   It protects you from poison.
   It protects you from negative energy.
 q - a +1 dagger of venom
 J - the +8 trident of Quantum Leap {pierce, Int+1}
   (You took it off an orc on level 5 of the Dungeon)

   It inflicts extra damage upon your enemies.
   It affects your intelligence (+1).
Missiles
 e - 80 poisoned needles
 f - 2 curare-tipped needles
 p - 4 needles of sleeping
 D - 2 tomahawks (quivered)
Armour
 d - a +1 cloak (worn)
 L - a +2 robe of cold resistance (worn)
Magical devices
 k - a wand of digging (12)
 A - a wand of digging (1)
 B - a wand of polymorph (10)
 V - a wand of cold (11)
 W - a wand of cold (9)
Comestibles
 g - 2 meat rations
 n - 5 beef jerkies
 r - a slice of pizza
Scrolls
 o - a scroll of magic mapping
 s - 2 scrolls of identify
 t - 2 scrolls of vulnerability
 v - a scroll of blinking
 y - 4 scrolls of teleportation
 H - a scroll of enchant weapon
 K - 6 scrolls of remove curse
 P - a scroll of enchant armour
 T - 3 scrolls of recharging
Jewellery
 m - an uncursed ring of fire
 x - a +3 ring of intelligence (left hand)
 G - a +3 ring of protection (right hand)
 I - an amulet of guardian spirit (around neck)
 M - an uncursed ring of flight
 N - an uncursed ring of ice
 U - an uncursed amulet of stasis
Potions
 h - 3 potions of curing
 i - 6 potions of restore abilities
 j - 2 potions of agility
 l - a potion of cure mutation {unknown}
 w - a potion of flight {unknown}
 z - a potion of magic
 C - a potion of haste {unknown}
 E - 2 potions of mutation {unknown}
 F - 3 potions of brilliance
 O - a potion of heal wounds {unknown}
 Q - 2 potions of might
 R - a potion of poison {unknown}
Books
 u - a book of Death

   Spells                             Type                      Level
   Corpse Rot                         Necromancy                   2
   Sublimation of Blood               Necromancy                   2
   Agony                              Necromancy                   5
   Dispel Undead                      Necromancy                   5
   Excruciating Wounds                Charms/Necromancy            5
   Bolt of Draining                   Conjuration/Necromancy       5
 S - the Incunabulum of Confrontation
   (You found it on level 9 of the Dungeon)

   Spells                             Type                      Level
   Magic Dart                         Conjuration                  1
   Dazzling Spray                     Conjuration/Hexes            3
   Venom Bolt                         Conjuration/Poison           5
   Force Lance                        Conjuration                  5

··▒▒ ▒<▒▒▒▒············▒
▒<·▒▒▒▒·▒▒▒············▒▒
▒▒·▒▒····▒·············▒
▒▒······%········▒▒▒··▒▒
▒▒··▒▒▒·········▒▒ ▒▒·▒·
····▒ ▒······▒··▒ ··
·%····▒········▒▒ ·▒
··▒▒▒·····▒▒····▒▒ ▒▒· ·▒▒
▒▒▒··▒▒▒··▒·K▒▒▒▒·▒ ·▒▒ ▒▒·▒▒
▒·▒▒▒▒Y·▒▒·▒ ··▒▒▒▒··▒ ▒▒·▒
▒▒····▒ ·· ········▒ ▒··▒
▒····▒▒▒ ▒··· ▒·······▒▒▒··▒
▒··▒···▒▒▒··▒ ▒▒·······▒▒·▒▒
▒▒··▒▒▒······▒
▒··▒▒▒·····▒▒▒▒··▒▒▒▒·····▒▒▒
▒·▒▒ ▒▒·········▒
▒········▒▒▒▒ ▒▒·▒
▒····▒▒▒··▒▒ ▒········%···


You could see a yak.


Message History

Attack whom?
Aim: a yak (umbra)
You reach to attack!
You hit the yak.
The yak is lightly wounded.
You hit the yak but do no damage.
The yak is lightly wounded.
The yak completely misses you.
You puncture the yak!
The yak is heavily wounded.
The yak completely misses you.
You puncture the yak!
The yak is almost dead.
The yak gores you!
* * * LOW HITPOINT WARNING * * *
You impale the yak!!
You kill the yak!
Dithmenos accepts your kill.
Your Dodging skill increases to level 10!
You puncture the yak!
The yak is moderately wounded.
The yak gores you!
* * * LOW HITPOINT WARNING * * *
You hit the yak.
The yak is heavily wounded.
The yak gores you.
* * * LOW HITPOINT WARNING * * *
You puncture the yak!
The yak is almost dead.
The yak gores you!
You die...

Action                   |  1- 3 |  4- 6 |  7- 9 | 10-12 || total
-------------------------+-------+-------+-------+-------++-------
Melee: Dagger            |   121 |   278 |   636 |    24 ||  1059
       Trident           |       |       |    47 |   318 ||   365
 Fire: Blowgun           |     5 |    26 |    99 |     4 ||   134
Throw: Tomahawk          |       |       |     1 |     1 ||     2
Evoke: Wand              |       |       |     2 |     1 ||     3
  Use: Scroll            |       |     6 |    11 |     5 ||    22
       Potion            |       |       |     5 |     4 ||     9
 Stab: Sleeping          |     8 |     8 |    32 |    39 ||    87
       Distracted        |       |     1 |     6 |     6 ||    13
  Eat: Chunk             |     7 |    10 |    21 |     7 ||    45

Vault maps used:
D:1:      dpeg_arrival_water_fire, wad_floor_pattern_untrapped
D:2:      kennysheep_the_goblin_king, nicolae_qazlal_general_emergency
D:3:      gammafunk_temple_overflow_forgotten, portal_sewer_entry_b,
          first_bread, uniq_natasha, uniq_crazy_yiuf_cottage
D:4:      vehumet_altar_wand_db, solitary_fountain
D:5:      minmay_temple_entry_poolview, lightli_church_of_beogh
D:6:      serial_shops, nicolae_shop_competitors_out_of_business, uniq_pikel
D:7:      lemuel_round_altar, lightli_bailey_entry_fortress, uniq_eustachio
Temple:   circular_temple_12
Sewer:    sewer_frog_island_02
Bailey:   bailey_axe_minmay_hex_keep, bailey

Notes
Turn   | Place    | Note
--------------------------------------------------------------
     0 | D:1      | MackTheKnife, the Kobold Assassin, began the quest for the Orb.
     0 | D:1      | Reached XP level 1. HP: 12/12 MP: 1/1
   278 | D:1      | Reached skill level 3 in Short Blades
   310 | D:1      | Reached XP level 2. HP: 17/17 MP: 2/2
   787 | D:1      | Reached skill level 6 in Stealth
   787 | D:1      | Reached XP level 3. HP: 14/21 MP: 3/3
  1168 | D:2      | Reached skill level 4 in Short Blades
  2103 | D:3      | Reached XP level 4. HP: 17/26 MP: 4/4
  2392 | D:3      | Reached skill level 5 in Short Blades
  2392 | D:3      | Reached XP level 5. HP: 19/30 MP: 5/5
  2393 | D:3      | Found a glowing drain.
  2412 | D:3      | Reached skill level 7 in Stealth
  2471 | Sewer    | Entered a sewer
  2850 | Sewer    | Reached skill level 2 in Dodging
  3484 | Sewer    | Reached XP level 6. HP: 21/35 MP: 6/6
  3797 | Sewer    | Reached skill level 3 in Dodging
  4172 | Sewer    | Reached skill level 8 in Stealth
  4467 | Sewer    | Reached skill level 4 in Dodging
  4467 | Sewer    | Reached XP level 7. HP: 10/40 MP: 7/7
  4981 | D:3      | Noticed Natasha
  4983 | D:3      | Killed Natasha
  4989 | D:3      | Found a stormy altar of Qazlal.
  4989 | D:3      | Found a burning altar of Makhleb.
  4989 | D:3      | Found a snail-covered altar of Cheibriados.
  5046 | D:3      | Noticed Crazy Yiuf
  5063 | D:3      | Killed Crazy Yiuf
  5063 | D:3      | Reached skill level 9 in Stealth
  5148 | D:3      | Noticed Natasha
  5155 | D:3      | Killed Natasha
  5169 | D:2      | Found a stormy altar of Qazlal.
  5508 | D:2      | Reached skill level 5 in Dodging
  6020 | D:3      | Noticed Natasha
  6027 | D:3      | Killed Natasha
  6830 | D:4      | Reached XP level 8. HP: 39/44 MP: 8/8
  7106 | D:4      | Reached skill level 6 in Dodging
  7106 | D:4      | Reached skill level 10 in Stealth
  7273 | D:4      | Reached skill level 3 in Throwing
  7517 | D:4      | Found a radiant altar of Vehumet.
  7585 | D:5      | Entered Level 5 of the Dungeon
  7682 | D:5      | Found a staircase to the Ecumenical Temple.
  7752 | Temple   | Entered the Ecumenical Temple
  7761 | Temple   | Became a worshipper of Dithmenos the Shadowed
  8266 | D:5      | Reached skill level 4 in Throwing
  8328 | D:5      | Reached skill level 11 in Stealth
  8534 | D:5      | Reached skill level 5 in Throwing
  8870 | D:5      | Reached XP level 9. HP: 36/48 MP: 9/9
  9032 | D:5      | Found a roughly hewn altar of Beogh.
  9203 | D:5      | Got a jewelled trident
  9226 | D:5      | Identified the +8 trident of Quantum Leap {pierce, Int+1} (You took it off an orc on level 5 of the Dungeon)
  9606 | D:6      | Reached skill level 3 in Fighting
  9851 | D:6      | Reached skill level 7 in Dodging
  9950 | D:6      | Acquired Dithmenos' first power
 10154 | D:6      | Found Cliac's Food Emporium.
 10196 | D:6      | Got a smoking trident
 10197 | D:6      | Identified the +10 trident "Quemn" {pierce, rPois rN+ Str-2} (You found it on level 6 of the Dungeon)
 10319 | D:6      | Reached skill level 4 in Fighting
 10374 | D:6      | Noticed Pikel
 10558 | D:6      | Killed Pikel
 10558 | D:6      | Reached skill level 6 in Short Blades
 10558 | D:6      | Reached skill level 8 in Dodging
 11285 | D:7      | Reached skill level 5 in Fighting
 11360 | D:7      | Found a flagged portal.
 11372 | Bailey   | Entered a bailey
 11616 | Bailey   | Reached skill level 12 in Stealth
 11620 | Bailey   | Reached XP level 10. HP: 13/59 MP: 8/10
 11937 | Bailey   | Reached skill level 1 in Polearms
 11954 | Bailey   | Reached skill level 2 in Polearms
 11985 | Bailey   | Reached skill level 3 in Polearms
 12212 | Bailey   | Acquired Dithmenos' second power
 12245 | Bailey   | Reached skill level 4 in Polearms
 12413 | D:7      | Noticed Eustachio
 12417 | D:7      | Killed Eustachio
 12417 | D:7      | Reached skill level 5 in Polearms
 12689 | D:7      | Found a white marble altar of Elyvilon.
 13099 | D:8      | Reached skill level 6 in Polearms
 13514 | D:8      | Acquired Dithmenos' third power
 13658 | D:9      | Identified the Incunabulum of Confrontation
 13729 | D:9      | Reached skill level 6 in Fighting
 13841 | D:9      | Reached XP level 11. HP: 64/64 MP: 11/11
 14050 | D:9      | Reached skill level 7 in Fighting
 14393 | D:9      | Reached skill level 8 in Fighting
 14428 | D:10     | Entered Level 10 of the Dungeon
 14879 | D:10     | Reached skill level 9 in Dodging
 14954 | D:10     | Reached skill level 10 in Dodging
 14957 | D:10     | Slain by a yak

Vanquished Creatures
  Pikel (D:6)
  A troll (D:9)
  A wyvern (D:9)
  A hungry ghost (D:7)
  Eustachio (D:7)
  A deep elf mage (D:10)
  5 yaks (D:10)
  2 sky beasts
  2 ice beasts
  16 orc warriors
  2 slaves (D:6)
  4 ogres
  A centaur (D:10)
  A yellow wasp (D:9)
  3 necrophages
  A big kobold (D:9)
  A gnoll sergeant (D:8)
  5 giant frogs
  3 scorpions
  3 killer bees (D:8)
  7 wights
  A crimson imp (D:7)
  A goliath beetle (D:7)
  7 orc priests
  4 hounds
  Crazy Yiuf (D:3)
  An iguana (D:7)
  A centaur skeleton (D:5)
  Natasha (thrice) (D:3)
  8 orc wizards
  8 worker ants
  2 hound zombies
  21 gnolls
  17 adders
  A green rat (D:3)
  4 shadow imps
  7 giant mites
  An inept item mimic (D:2)
  5 worms
  An adder skeleton (D:4)
  10 giant geckos
  11 oozes (Sewer)
  70 orcs
  10 ball pythons
  9 bats
  19 giant cockroaches
  27 hobgoblins
  24 kobolds
  7 quokkas
  15 giant newts
  A giant spore (D:8)
  32 goblins
  9 jackals
  A jackal skeleton (D:4)
  A kobold zombie (D:6)
  An orc skeleton (D:4)
  An orc zombie (D:5)
  21 rats
  4 ballistomycetes
429 creatures vanquished.

Vanquished Creatures (others)
  A giant spore (D:10)
1 creature vanquished.

Grand Total: 430 creatures vanquished
